Map: Ice and Chrome LE

Players

DisK

  • Race: Protoss Protoss
  • League: Grandmaster
  • Spawn Location: 7:00

Nina - Winner!

  • Race: Protoss Protoss
  • League: Grandmaster
  • Spawn Location: 1:00

Event: The Miserable Cup

VOD

Have the link to the VOD?

Description

Time

  • Played on: June 21, 2020, 12:24 p.m.
  • Length: 15:33

All games in this series

Show
View Real Time Build Order
Export as new Build Order

DisK Protoss 

Build Orders: Phoenix Opening, Archon Immortal, Blink Stalkers 

Get SALT Encoding   

  12  0:00  Probe  
  13  0:12  Probe  
  14  0:16  Pylon  
  14  0:24  Probe  
  15  0:33  Probe  
  15  0:35  Gateway  
  15  0:41  Probe  
  16  0:47  Assimilator  
  17  0:51  Probe  
  17  0:54  Assimilator  
  18  1:01  Probe  
  19  1:09  Probe, Gateway  
  19  1:17  Probe  
  20  1:23  Cybernetics Core  
  21  1:29  Probe  
  22  1:35  Pylon  
  22  1:42  Probe  
  23  1:54  Probe  
  24  2:02  Warp Gate  
  28  2:13  Nexus  
  28  2:14  Probe  
  25  2:21  Stalker  
  27  2:24  Sentry  
  27  2:27  Probe  
  30  2:41  Pylon, Probe  
  31  2:48  Twilight Council  
  31  2:55  Probe  
  31  2:59  Stalker  
  31  3:00  Phoenix  
  31  3:03  Stalker, Probe  
  36  3:05  Blink  
  37  3:13  Probe  
  38  3:25  Probe  
  38  3:28  Probe  
  38  3:33  Probe  
  40  3:40  Probe  
  42  3:41  Forge  
  42  3:44  Probe  
  43  3:51  Stalker  
  43  3:52  Probe  
  46  3:56  Stalker, Probe  
  46  3:59  Protoss Ground Weapons Level 1  
  49  4:04  Pylon  
  49  4:05  Probe  
  49  4:08  Probe  
  51  4:16  Gateway  
  51  4:17  Probe  
  52  4:20  Probe  
  52  4:23  Assimilator  
  53  4:28  Robotics Facility  
  53  4:30  Stalker  
  55  4:34  Stalker  
  55  4:35  Probe  
  55  4:36  Probe  
  59  4:38  Phoenix  
  59  4:40  Pylon  
  59  4:49  Probe  
  59  4:50  Probe  
  61  4:58  Pylon  
  61  4:59  Stalker x2  
  65  5:08  Probe x2  
  67  5:16  Observer  
  67  5:18  Nexus  
  67  5:19  Pylon  
  67  5:20  Probe x2  
  70  5:24  Charge  
  70  5:35  Probe x2  
  72  5:37  Assimilator  
  72  5:41  Gateway  
  72  5:42  Gateway  
  72  5:47  Probe x2  
  72  5:49  Gateway, Protoss Ground Weapons Level 2  
  74  5:52  Pylon  
  74  5:56  Gateway  
  74  5:59  Gateway  
  74  6:03  Probe x2  
  76  6:04  Templar Archives  
  76  6:15  Probe x2  
  78  6:27  Zealot x3, Probe x2  
  78  6:30  Immortal  
  89  6:34  Probe  
  89  6:39  Pylon, Probe x2  
  92  6:46  Assimilator  
  92  6:47  High Templar x2, Assimilator, Probe  
  93  6:49  Zealot  
  93  6:51  Probe  
  93  6:52  Zealot, Archon  
  100  7:02  Immortal  
  90  7:10  Zealot x5  
  90  7:14  Probe x3  
  103  7:20  Shield Battery  
  103  7:22  Shield Battery  
  103  7:25  High Templar x2, Zealot  
  103  7:29  Robotics Facility  
  109  7:30  Archon  
  109  7:33  Zealot  
  109  7:34  Zealot x3  
  107  7:46  Zealot x2  
  107  7:47  Warp Prism  
  111  7:52  Probe x2  
  111  7:54  Zealot x2  
  117  7:59  Pylon  
  117  8:00  Pylon x2  
  117  8:10  Pylon  
  117  8:18  Zealot x4  
  117  8:19  Zealot x2  
  121  8:34  Observer  
  121  8:36  Immortal  
  121  8:38  Pylon, Zealot x4  
  121  8:39  Zealot  
  135  8:45  Pylon  
  123  8:48  Pylon  
  123  8:55  Protoss Ground Weapons Level 3  
  121  8:56  Pylon  
  121  9:00  Pylon  
  121  9:01  Immortal  
  125  9:03  High Templar x4, Zealot  
  125  9:04  Zealot x3  
  125  9:09  Gateway, Archon x2  
  141  9:11  Gateway  
  141  9:21  Stargate  
  141  9:22  Stargate  
  135  9:35  Zealot x6  
  135  9:36  Zealot  
  149  9:45  Dark Shrine  
  147  9:46  Photon Cannon  
  147  9:47  Observer  
  147  9:49  Photon Cannon x2  
  148  10:04  Probe x2  
  148  10:05  Probe  
  139  10:08  Nexus  
  139  10:10  Pylon  
  139  10:12  Pylon, High Templar  
  139  10:13  High Templar x5  
  149  10:14  Zealot x2  
  149  10:18  Archon  
  149  10:19  Archon x2  
  153  10:28  Photon Cannon  
  153  10:29  Shield Battery  
  153  10:37  Oracle  
  153  10:38  Immortal x2  
  162  10:47  Photon Cannon  
  162  10:50  Photon Cannon  
  162  10:58  Robotics Bay  
  162  11:10  Dark Templar x3  
  168  11:14  Zealot x5  
  168  11:17  Zealot  
  145  11:42  Zealot  
  145  11:43  Zealot x3  
  145  11:44  Zealot  
  145  11:46  Disruptor x2  
  157  11:49  Zealot x2  
  157  11:50  Zealot x2  
  157  11:51  Zealot  
  153  12:10  Stalker x2  
  145  12:18  Zealot x6  
  145  12:19  Zealot x2  
  145  12:22  Disruptor  
  121  12:37  Disruptor  
  121  12:38  Zealot x5  
  121  12:40  Zealot x5  
  130  12:58  Disruptor, Assimilator  
  129  13:00  High Templar x4, Assimilator  
  129  13:01  High Templar x2, Zealot x2  
  129  13:02  Zealot x2  
  149  13:06  Archon x2  
  149  13:07  Archon  
  137  13:29  Disruptor  
  137  13:31  Zealot x4  
  137  13:33  Disruptor  
  145  13:40  Zealot x4  
  134  13:46  Zealot x5  
  134  13:47  Zealot  
  146  13:59  Nexus  
  144  14:03  Zealot x2  
  144  14:05  Zealot x2  
  149  14:14  Zealot x6  
  96  14:29  High Templar x4  
  104  14:33  Archon x2  
  92  14:44  Zealot x5  
  92  14:45  Zealot  
  104  15:05  Nexus  
  100  15:20  Zealot x5  
  100  15:21  Zealot x4  
Show
View Real Time Build Order
Export as new Build Order

Nina Protoss - Winner!

Build Orders:  

Get SALT Encoding   

  12  0:03  Probe  
  13  0:15  Probe  
  13  0:18  Pylon  
  14  0:26  Probe  
  15  0:34  Probe  
  15  0:38  Gateway  
  15  0:42  Probe  
  16  0:47  Assimilator  
  17  0:53  Probe  
  17  0:55  Assimilator  
  18  1:01  Probe  
  18  1:09  Probe, Gateway  
  20  1:20  Probe  
  20  1:25  Cybernetics Core  
  21  1:32  Probe  
  22  1:42  Pylon  
  22  1:44  Probe  
  23  2:00  Probe  
  24  2:03  Nexus  
  24  2:11  Stalker  
  26  2:16  Probe  
  26  2:17  Stalker  
  29  2:24  Probe  
  29  2:25  Pylon  
  30  2:31  Warp Gate  
  30  2:33  Probe  
  31  2:44  Stalker  
  31  2:46  Probe  
  34  2:51  Stalker  
  34  2:58  Shield Battery  
  36  3:00  Probe  
  37  3:08  Pylon  
  37  3:12  Probe  
  38  3:18  Stalker  
  40  3:22  Probe  
  40  3:24  Probe  
  42  3:29  Stalker  
  42  3:32  Probe  
  44  3:34  Probe  
  44  3:40  Probe  
  46  3:42  Robotics Facility  
  46  3:45  Probe  
  47  3:49  Probe  
  49  3:55  Probe  
  49  3:56  Forge  
  49  4:01  Probe  
  51  4:07  Probe  
  51  4:09  Pylon  
  52  4:13  Probe  
  52  4:16  Pylon  
  53  4:20  Probe  
  53  4:21  Sentry x2  
  58  4:24  Observer  
  58  4:25  Probe  
  58  4:26  Twilight Council  
  58  4:27  Assimilator  
  60  4:32  Phoenix, Probe  
  60  4:34  Probe  
  60  4:36  Pylon  
  62  4:43  Probe  
  62  4:44  Probe  
  63  4:49  Nexus, Blink  
  63  4:51  Probe  
  63  4:52  Pylon, Protoss Ground Weapons Level 1  
  64  4:56  Probe  
  66  5:03  Assimilator  
  66  5:13  Gateway  
  66  5:16  Stalker  
  66  5:17  Shield Battery  
  66  5:20  Gateway  
  68  5:25  Stalker  
  70  5:35  Phoenix  
  70  5:39  Probe x2, Gateway  
  70  5:40  Stalker  
  70  5:42  Gateway  
  74  5:48  Stalker  
  76  5:51  Probe  
  76  5:55  Probe, Gateway  
  78  5:58  Observer, Photon Cannon  
  78  5:59  Observer  
  78  6:04  Stalker  
  80  6:07  Stalker  
  80  6:09  Probe x2  
  80  6:10  Probe  
  86  6:17  Stalker x2  
  90  6:21  Probe  
  90  6:24  Probe  
  90  6:25  Probe  
  92  6:30  Stalker  
  94  6:34  Gateway  
  94  6:35  Pylon, Probe  
  94  6:38  Stalker  
  97  6:42  Stalker x2  
  101  6:47  Probe  
  101  6:48  Zealot  
  101  6:50  Charge  
  101  6:51  Pylon  
  101  6:54  Pylon  
  95  7:09  Stalker x6, Protoss Ground Weapons Level 2  
  95  7:11  Probe x2  
  107  7:17  Probe  
  107  7:20  Pylon  
  108  7:23  Zealot, Probe  
  108  7:27  Photon Cannon  
  111  7:32  Robotics Bay, Probe  
  111  7:34  Pylon  
  112  7:48  Probe x2  
  112  7:51  Robotics Facility, Warp Prism  
  116  7:52  Assimilator  
  116  7:53  Photon Cannon  
  116  7:56  Probe  
  117  7:58  Assimilator  
  117  8:00  Probe  
  117  8:04  Probe  
  119  8:06  Photon Cannon  
  119  8:08  Pylon, Probe  
  119  8:11  Shield Battery  
  120  8:30  Colossus  
  120  8:33  Robotics Facility, Probe  
  120  8:34  Probe  
  124  8:51  Colossus  
  130  8:58  Extended Thermal Lance  
  130  9:02  Nexus  
  130  9:03  Stalker x8  
  130  9:09  Photon Cannon  
  146  9:11  Photon Cannon  
  146  9:13  Shield Battery  
  146  9:19  Pylon  
  146  9:21  Pylon  
  146  9:23  Protoss Ground Weapons Level 3, Disruptor, Photon Cannon  
  146  9:31  Disruptor  
  146  9:38  Pylon x2  
  148  9:45  Gateway  
  148  9:49  Zealot x3  
  148  9:50  Zealot  
  156  9:58  Probe x2  
  156  9:59  Disruptor x2  
  156  10:05  Dark Shrine, Probe  
  157  10:14  Zealot x4  
  163  10:21  Photon Cannon  
  165  10:22  Pylon  
  165  10:34  Templar Archives  
  165  10:35  Gateway  
  165  10:37  Assimilator, Probe x2  
  165  10:39  Assimilator  
  167  10:44  Probe  
  167  10:46  Shield Battery x2  
  167  10:49  Photon Cannon  
  168  10:51  Photon Cannon  
  168  10:54  Observer x2, Photon Cannon  
  168  10:55  Probe  
  168  10:56  Probe  
  172  11:01  Disruptor  
  175  11:10  Zealot x5  
  175  11:11  Zealot  
  187  11:15  Disruptor  
  187  11:17  Disruptor  
  193  11:25  Shadow Stride  
  193  11:27  Photon Cannon  
  192  11:37  Disruptor  
  189  11:51  Disruptor  
  189  11:54  Observer  
  187  12:04  Zealot  
  187  12:05  Zealot x5  
  187  12:07  Nexus  
  199  12:12  Shield Battery  
  199  12:14  Photon Cannon  
  199  12:15  Photon Cannon  
  199  12:17  Photon Cannon  
  199  12:19  Pylon  
  199  12:20  Pylon  
  191  12:23  Disruptor  
  194  12:31  Protoss Shields Level 1  
  190  12:38  Dark Templar  
  190  12:39  Dark Templar x3  
  198  12:44  Shield Battery  
  198  12:46  Disruptor  
  198  12:48  Disruptor  
  192  12:58  Disruptor  
  192  13:03  Photon Cannon  
  192  13:05  Photon Cannon  
  195  13:06  Photon Cannon  
  195  13:08  Shield Battery  
  195  13:11  Shield Battery  
  195  13:14  Dark Templar x2  
  185  13:44  Dark Templar x7  
  183  14:03  Assimilator  
  183  14:08  Assimilator  
  171  14:28  Probe  
  171  14:29  Gateway  
  171  14:30  Gateway x2  
  164  14:32  Gateway  
  164  14:33  Gateway  
  164  14:34  Observer  
  158  14:39  Gateway  
  158  14:45  Gateway  
  141  14:46  Disruptor x2  
  141  14:48  Dark Templar x10  
  141  14:50  Probe  
  168  15:08  Photon Cannon  
  168  15:09  Photon Cannon  
Tags
 
Add a new tag
Caveats
  • Supply blocks, unpowered buildings, or Contaminate may cause inaccurate times.
  • Supply counts are checked every 10 seconds.